 Dungeon Sprint DCSS version 0.30.1-3-gfc49f6343a (webtiles) character file.

Game seed: 13793323723473945863

251704 Groucho the Naga Barricade (level 19, -10/216 HPs)
             Began as a Naga Fighter on July 30, 2023.
             Was the Champion of Cheibriados.
             Killed from afar by Antaeus (43 damage)
             ... with an icy flash freeze
             ... in the Dungeon (Sprint VII: "The Pits") on Aug 5, 2023.
             The game lasted 00:37:55 (13411 turns).

Groucho the Naga Barricade (Naga Fighter)          Turns: 13411, Time: 00:37:55

Health: -10/216    AC: 66    Str: 37    XL:     19   Next: 66%
Magic:  50/50      EV: 28    Int: 31    God:    Cheibriados [******]
Gold:   249        SH: 36    Dex: 33    Spells: 54/55 levels left

rFire   + + .        r - +6 war axe (heavy)
rCold   + . .        E - +1 tower shield
rNeg    + . .        U - +14 gold dragon scales
rPois   +            O - +2 helmet
rElec   .            W - +2 cloak {rCorr}
rCorr   +            V - +4 pair of gloves
SInv    +            S - +2 barding
Will    ++...        K - amulet of Egomania {Reflect +Inv Fly rN+ Regen+ SH+5} Stlth
                     y - ring "Oppuix" {rF+ Slay+5}
HPRegen 1.36/turn    G - ring "Bucaom" {Fly MP+9 Str+4 Dex+6 Slay+5}
MPRegen 0.32/turn

%: no teleportation, reflection
@: on berserk cooldown, flying, slowed, studying 3 skills, very slow
A: AC +6, large, see invisible, deformed body, poison resistance, slowness 2,
spit poison 1, naga tail 2
}: 2/3 runes: silver, golden
a: Spit Poison, Renounce Religion, Evoke Invisibility, Bend Time, Temporal
Distortion, Slouch, Step From Time


You were in the Dungeon.
You worshipped Cheibriados.
Cheibriados was exalted by your worship.
You visited 1 branch You collected 249 gold pieces.

Inventory:

Hand Weapons
 a - the +2 Maxwell's thermic engine {flame, freeze, rev}
   (You found it in the Dungeon)
 c - the +8 lance "Wyrmbane" {slay drac, rPois rF+ rC+ AC+3}
   (You found it in the Dungeon)

   AC:        It affects your AC (+3).
   rF:        It protects you from fire.
   rC:        It protects you from cold.
   rPois:     It protects you from poison.
 p - a +3 sacred scourge of holy wrath
 r - a +6 heavy war axe (weapon)
 P - the +5 Lochaber axe {reach-cleave, Poleaxe Drain}
   (You took it off a human in the Dungeon)

   Poleaxe:   It uses either Axes or Polearms skill, whichever is higher.
   Drain:     It drains your maximum health when unequipped.
Armour
 E - a +1 tower shield (worn)
 L - the +3 salamander hide armour {Flames, rFlCloud rF++ rC--}
   (You found it in the Dungeon)

   Flames:    It surrounds you with flame clouds and enhances your fire magic.
   rFlCloud:  It grants immunity to flame clouds.
   rF:        It greatly protects you from fire.
   rC:        It makes you very vulnerable to cold.
 O - a +2 helmet (worn)
 S - a +2 barding (worn)
 U - +14 gold dragon scales (worn)
 V - a +4 pair of gloves (worn)
 W - a +2 cloak of preservation (worn)
Magical Staves
 A - the staff of conjuration "Deorosob" {Int+5}
   (You found it in the Dungeon)

   [staff of conjuration]

   Base accuracy: +5 Base damage: 5 Base attack delay: 1.2 This weapon's minimum
   attack delay (0.6) is reached at skill level 12.
   Int:       It affects your intelligence (+5).
   It falls into the 'Staves' category.
   It is a one-handed weapon.
Jewellery
 o - the ring "Kiquaxto" {Int+3 Slay+4}
   (You found it in the Dungeon)

   [ring of slaying]

   Int:       It affects your intelligence (+3).
   Slay:      It affects your accuracy & damage with ranged weapons and melee
   (+4).
 q - the ring of Otteergh {Drain rC+ rCorr SInv}
   (You found it in the Dungeon)

   [ring of protection from cold]

   rC:        It protects you from cold.
   SInv:      It lets you see invisible.
   rCorr:     It protects you from acid and corrosion.
   Drain:     It drains your maximum health when unequipped.
 t - an amulet of magic regeneration
 y - the ring "Oppuix" (left hand) {rF+ Slay+5}
   (You found it in the Dungeon)

   [ring of slaying]

   Slay:      It affects your accuracy & damage with ranged weapons and melee
   (+5).
   rF:        It protects you from fire.
 z - a ring of protection from cold
 B - the ring of Wynwigid {Fly rC+++ Will- Int-2 Dex+6}
   (You found it in the Dungeon)

   [ring of dexterity]

   Int:       It affects your intelligence (-2).
   Dex:       It affects your dexterity (+6).
   rC:        It renders you almost immune to cold.
   Fly:       It grants you flight.
   Will:      It decreases your willpower.
 C - a +4 ring of slaying
 G - the ring "Bucaom" (right hand) {Fly MP+9 Str+4 Dex+6 Slay+5}
   (You found it in the Dungeon)

   [ring of dexterity]

   Str:       It affects your strength (+4).
   Dex:       It affects your dexterity (+6).
   Slay:      It affects your accuracy & damage with ranged weapons and melee
   (+5).
   MP:        It affects your magic capacity (+9).
   Fly:       It grants you flight.
 H - a ring of wizardry
 K - the amulet of Egomania (around neck) {Reflect +Inv Fly rN+ Regen+ SH+5}
   (You found it in the Dungeon)

   [amulet of reflection]

   It reflects blocked missile attacks.
   rN:        It protects you from negative energy.
   +Inv:      It lets you turn invisible.
   Fly:       It grants you flight.
   Regen:     It increases your rate of health regeneration.
   SH:        It affects your SH (+5).
 Q - a +6 ring of strength
 R - a ring of magical power
 X - an amulet of guardian spirit
 Y - the ring "Coen Yvaelum" {Fly rElec Dex+3}
   (You found it in the Dungeon)

   [ring of flight]

   Dex:       It affects your dexterity (+3).
   rElec:     It insulates you from electricity.
   Fly:       It grants you flight.
Wands
 F - a wand of roots (1)
 I - a wand of charming (10)
 J - a wand of flame (11)
Scrolls
 f - 10 scrolls of enchant armour
 j - 7 scrolls of blinking
 l - 6 scrolls of amnesia
 m - a scroll of summoning
 u - 4 scrolls of fear
 v - 2 scrolls of fog
 w - 6 scrolls of identify
 x - a scroll of magic mapping
 N - a scroll of silence
 Z - a scroll of poison
Potions
 b - 22 potions of heal wounds
 d - 2 potions of might
 e - 18 potions of curing
 g - 14 potions of haste
 h - 6 potions of magic
 i - 3 potions of berserk rage
 k - 2 potions of invisibility
 s - a potion of cancellation
 D - a potion of flight
 M - 3 potions of brilliance
 T - a potion of resistance


   Skills:
 + Level 23.9 Fighting
 + Level 23.8 Axes
 O Level 27 Armour
 O Level 27 Dodging
 O Level 27 Shields
 + Level 7.8 Unarmed Combat
 + Level 18.9 Spellcasting
 - Level 14.0 Invocations


You had 54 spell levels left.
You knew the following spells:

 Your Spells              Type           Power      Damage    Failure   Level
a - Apportation           Tloc           58%        N/A       5%          1

Your spell library contained the following spells:

 Spells                   Type           Power      Damage    Failure   Level
 Beastly Appendage        Tmut           58%        N/A       5%          1
 Foxfire                  Conj/Fire      100%       2x1d9     5%          1
 Magic Dart               Conj           100%       1d8       5%          1
 Necrotise                Necr           100%       1d9       5%          1
 Sandblast                Erth           58%        2d13      5%          1
 Slow                     Hex            100%       N/A       5%          1
 Sting                    Tmut/Pois      100%       1d8       5%          1
 Summon Small Mammal      Summ           100%       N/A       5%          1
 Call Imp                 Summ           58%        N/A       8%          2
 Momentum Strike          Conj/Tloc      58%        3d9       8%          2
 Poisonous Vapours        Pois/Air       58%        N/A       8%          2
 Static Discharge         Conj/Air       58%        2-5/arc   8%          2
 Wereblood                Tmut           29%        N/A       8%          2
 Frozen Ramparts          Ice            58%        1d9       16%         3
 Gell's Gravitas          Tloc           29%        N/A       16%         3
 Inner Flame              Hex/Fire       29%        N/A       16%         3
 Mephitic Cloud           Conj/Pois/Air  29%        N/A       16%         3
 Spider Form              Tmut/Pois      29%        N/A       16%         3
 Teleport Other           Tloc           29%        N/A       16%         3
 Volatile Blastmotes      Fire/Tloc      58%        2d14      16%         3
 Airstrike                Air            14%        2d(3-19)  45%         4
 Animate Armour           Summ/Erth      58%        N/A       45%         4
 Animate Dead             Necr           29%        N/A       45%         4
 Flame Wave               Conj/Fire      29%        2d9       45%         4
 Fulminant Prism          Conj/Hex       14%        3d8       45%         4
 Ice Form                 Ice/Tmut       29%        N/A       45%         4
 Olgreb's Toxic Radiance  Pois           29%        N/A       45%         4
 Summon Lightning Spire   Summ/Air       29%        N/A       45%         4
 Alistair's Intoxication  Tmut/Pois      19%        N/A       82%         5
 Borgnjor's Vile Clutch   Necr/Erth      14%        N/A       82%         5
 Fireball                 Conj/Fire      14%        3d8       82%         5
 Freezing Cloud           Conj/Ice/Air   14%        6-21      82%         5
 Metabolic Englaciation   Hex/Ice        14%        N/A       82%         5
 Summon Mana Viper        Hex/Summ       29%        N/A       82%         5
 Yara's Violent Unravell  Hex/Tmut       14%        3d7       82%         5
 Conjure Ball Lightning   Conj/Air       14%        3x3d6     100%        6
 Dispersal                Tloc           14%        N/A       100%        6
 Eringya's Noxious Bog    Tmut/Pois      14%        N/A       100%        6
 Plasma Beam              Fire/Air       14%        2x1d28    100%        6
 Simulacrum               Ice/Necr       14%        N/A       100%        6
 Starburst                Conj/Fire      14%        6d6       100%        6
 Statue Form              Tmut/Erth      19%        N/A       100%        6
 Enfeeble                 Hex            14%        N/A       100%        7
 Haunt                    Necr/Summ      14%        N/A       100%        7
 Ozocubu's Refrigeration  Ice            14%        4d10      100%        7
 Storm Form               Tmut/Air       14%        N/A       100%        7
 Infestation              Necr           14%        N/A       100%        8
 Necromutation            Tmut/Necr      14%        N/A       100%        8
 Death's Door             Necr           14%        N/A       100%        9
 Dragon's Call            Summ           14%        N/A       100%        9
 Fire Storm               Conj/Fire      14%        8d4       100%        9
 Polar Vortex             Ice            14%        N/A       100%        9
 Shatter                  Erth           14%        3d14*     100%        9


Dungeon Overview and Level Annotations

Branches:
Dungeon (1/1)

Altars:
Ashenzari
Cheibriados
Dithmenos
Elyvilon
Fedhas
Gozag
Hepliaklqana
Kikubaaqudgha
Makhleb
Nemelex Xobeh
Okawaru
Qazlal
Ru
Sif Muna
Trog
Uskayaw
Vehumet
Wu Jian
Xom
Yredelemnul
Zin
The Shining One
Jiyva
Lugonu

Annotations:
D Antaeus


Innate Abilities, Weirdness & Mutations

Your serpentine skin is tough. (AC +6)
You have supernaturally acute eyesight. (SInv)
Armour fits poorly on your strangely shaped body.
Your system is resistant to poisons. (rPois)
You cover ground very slowly.
You can spit poison.
You can use your snake-like lower body to constrict enemies.


Message History

You slice Tiuzetag!! You block Tiuzetag's attack. You block Antaeus's attack.
Antaeus hits you but does no damage.
Unknown command.
You hit Antaeus.
Antaeus is severely wounded.
You closely miss Tiuzetag. Tiuzetag engulfs you. Tiuzetag drowns you!!
You block Tiuzetag's attack. Antaeus hits you but does no damage. x2
Unknown command.
You slice Antaeus!!
Antaeus is severely wounded.
You slash Tiuzetag!
You are no longer berserk.
You are exhausted.
You feel yourself slow down. You block Tiuzetag's attack.
Antaeus gestures at you. The icy flash freeze hits you. You partially resist.
You are encased in ice.
You block Tiuzetag's attack.
You hit Antaeus.
Antaeus is severely wounded.
You hit Tiuzetag. You block Tiuzetag's attack. You block Antaeus's attack. x2
Tiuzetag misses you.
You hit Antaeus but do no damage.
Antaeus is severely wounded.
You miss Tiuzetag. The ice encasing you melts away.
You block Tiuzetag's attack. You block Antaeus's attack. x2
Tiuzetag engulfs you. Tiuzetag drowns you!!
* * * LOW HITPOINT WARNING * * *
Antaeus hits you!
* * * LOW HITPOINT WARNING * * *
Antaeus freezes you! You resist.
* * * LOW HITPOINT WARNING * * *
Antaeus hits you but does no damage. Tiuzetag completely misses you.
You hit Antaeus but do no damage.
Antaeus is severely wounded.
You closely miss Tiuzetag. Tiuzetag completely misses you.
Antaeus gestures at you. The icy flash freeze hits you!!! You partially resist.
You die...

#.(.)=)[[|...)..)...#
#:).|[[[[.):[).)....#
########[################
#........[..............#
#.......................#
#######################'#
####### # #'# ##'#[..##.#
#)# #.#.##)@C# #'#
#####'#.&#+ #.# # ##..##
#'# +#..+# #.# ##..###)#
##..##.# +#..##'#
##..###.# #+..## #'#


You could see Antaeus and Tiuzetag.

Vanquished Creatures
  Dissolution (D)
  A pandemonium lord (D)
  Khufu (D)
  2 ancient liches (D)
  Mara (D)
  the Lernaean hydra (D)
  Frederick (D)
  Xtahua (D)
  7 golden dragons (D)
  A profane servitor (D)
  4 bone dragons (D)
  A pearl dragon (D)
  Rupert (D)
  A Brimstone Fiend (D)
  3 Ice Fiends (D)
  A hellephant (D)
  A tentacled monstrosity (D)
  6 Hell Sentinels (D)
  3 liches (D)
  7 quicksilver dragons (D)
  A deep elf blademaster (D)
  A deep elf master archer (D)
  An Executioner (D)
  2 sphinxes (D)
  A death cob (D)
  11 shadow dragons (D)
  A draconian knight (D)
  2 nagarajas (D)
  A draconian monk (D)
  A fire giant (D)
  6 iron dragons (D)
  Louise (D)
  2 draconian scorchers (D)
  2 deep elf sorcerers (D)
  2 balrugs (D)
  A frost giant (D)
  2 angels (D)
  2 orc warlords (D)
  2 draconian stormcallers (D)
  A draconian shifter (D)
  2 draconian annihilators (D)
  2 spriggan defenders (D)
  2 ophanim (D)
  2 stone giants (D)
  2 apis (D)
  A green draconian (D)
  2 deep elf demonologists (D)
  3 vampire knights (D)
  A deep elf annihilator (D)
  Nessos (D)
  2 dire elephants (D)
  4 red draconians (D)
  A white draconian (D)
  A purple draconian (D)
  2 yellow draconians (D)
  Snorg (D)
  A deep elf death mage (D)
  A mummy priest (D)
  3 blizzard demons (D)
  3 green deaths (D)
  A merfolk impaler (D)
  Josephine (D)
  18 fire dragons (D)
  A yaktaur captain (D)
  13 ice dragons (D)
  12 vault guards (D)
  2 great orbs of eyes (D)
  15 hydras (D)
  2 centaur warriors (D)
  A catoblepas (D)
  3 merfolk avatars (D)
  3 ogre magi (D)
  2 boulder beetles (D)
  An anaconda (D)
  A dancing weapon (D)
  An orc high priest (D)
  3 hell hogs (D)
  5 naga warriors (D)
  A spriggan (D)
  13 hell knights (D)
  A soul eater (D)
  A spriggan berserker (D)
  3 sun demons (D)
  3 deep elf knights (D)
  2 sixfirhies (D)
  13 skeletal warriors (D)
  A fire crab (D)
  A spriggan druid (D)
  2 cherubim (D)
  A shadow wraith (D)
  A sea snake (D)
  A lindwurm (D)
  6 swamp dragons (D)
  A lindwurm (shapeshifter) (D)
  2 bog bodies (D)
  3 harpies (D)
  13 necromancers (D)
  A phantasmal warrior (D)
  9 wizards (D)
  13 orc knights (D)
  2 orc sorcerers (D)
  2 wolf spiders (D)
  A deep elf pyromancer (D)
  A cyclops (D)
  3 naga magi (D)
  2 guardian serpents (D)
  2 demonic crawlers (D)
  3 eyes of devastation (D)
  An orange demon (D)
  A smoke demon (D)
  2 efreet (D)
  3 yaktaurs (D)
  A freezing wraith (D)
  A tormentor (D)
  5 ice devils (D)
  A guardian mummy (D)
  A hornet (D)
  4 merfolk (D)
  A wandering mushroom (D)
  A troll (D)
  Grinder (D)
  3 tarantellas (D)
  A shadow (D)
  4 slime creatures (D)
  2 ynoxinuls (D)
  2 air elementals (D)
  2 wyverns (D)
  3 water elementals (D)
  3 wraiths (D)
  17 humans (D)
  A fire bat (D)
  10 redbacks (D)
  A chaos spawn (D)
  A neqoxec (D)
  2 nagas (D)
  An acid dragon (D)
  A floating eye (D)
  A swamp drake (D)
  2 orc warriors (D)
  A sky beast (D)
  A black bear (D)
  2 centaurs (D)
  3 ogres (D)
  2 wolves (D)
  A scorpion (D)
  2 gnoll sergeants (D)
  A small abomination (D)
  4 wights (D)
  A crimson imp (D)
  A hound (D)
  A hell rat (D)
  A mummy (D)
  7 gnolls (D)
  2 river rats (D)
  An adder (D)
  A white imp (D)
  2 ufetubi (D)
  An adder skeleton (D)
  2 adder zombies (D)
  A worm (D)
  2 orcs (D)
  A ball python (D)
  4 bat zombies (D)
  2 endoplasms (D)
  2 giant cockroaches (D)
  2 goblins (D)
  A quokka (D)
  2 ball python skeletons (D)
  A ball python zombie (D)
  2 bats (D)
  5 bat simulacra (D)
  2 frilled lizards (D)
  A giant cockroach zombie (D)
  A jackal skeleton (D)
  3 quokka zombies (D)
  A rat (D)
468 creatures vanquished.

Vanquished Creatures (others)
  2 fire dragons (D)
2 creatures vanquished.

Grand Total: 470 creatures vanquished

Notes
Turn   | Place    | Note
-------+----------+-------------------------------------------
     0 | D        | Groucho the Naga Fighter began the quest for the Orb.
     0 | D        | Reached XP level 1. HP: 21/21 MP: 1/1
    36 | D        | Found a bloodstained altar of Trog.
    36 | D        | Found a shimmering blue altar of Sif Muna.
    36 | D        | Found a viscous altar of Jiyva.
    36 | D        | Found a hazy altar of Hepliaklqana.
    36 | D        | Found an opulent altar of Gozag.
    37 | D        | Found a glowing golden altar of the Shining One.
    37 | D        | Found a glowing silver altar of Zin.
    37 | D        | Found a basalt altar of Yredelemnul.
    37 | D        | Found a shimmering altar of Xom.
    37 | D        | Found an ornate altar of the Wu Jian Council.
    37 | D        | Found a sacrificial altar of Ru.
    37 | D        | Found a stormy altar of Qazlal.
    37 | D        | Found an iron altar of Okawaru.
    37 | D        | Found a sparkling altar of Nemelex Xobeh.
    37 | D        | Found a burning altar of Makhleb.
    37 | D        | Found a blossoming altar of Fedhas.
    37 | D        | Found a white marble altar of Elyvilon.
    37 | D        | Found a shadowy altar of Dithmenos.
    37 | D        | Found a snail-covered altar of Cheibriados.
    39 | D        | Found a radiant altar of Vehumet.
    39 | D        | Found a corrupted altar of Lugonu.
    40 | D        | Found a hide-covered altar of Uskayaw.
    40 | D        | Found an ancient bone altar of Kikubaaqudgha.
    40 | D        | Found a broken altar of Ashenzari.
    48 | D        | Became a worshipper of Cheibriados the Contemplative
    68 | D        | Reached * piety under Cheibriados
    72 | D        | Noticed a scorpion
    77 | D        | HP: 1/21 [scorpion (5)]
    82 | D        | Killed a scorpion
    83 | D        | Reached XP level 2. HP: 30/30 MP: 1/4
    83 | D        | Reached XP level 3. HP: 36/36 MP: 1/5
    83 | D        | Reached XP level 4. HP: 44/44 MP: 1/6
   247 | D        | Reached ** piety under Cheibriados
   488 | D        | Reached *** piety under Cheibriados
   564 | D        | Noticed a floating eye
   566 | D        | Paralysed by a floating eye for 4 turns
   571 | D        | Killed a floating eye
   571 | D        | Reached **** piety under Cheibriados
   572 | D        | Reached skill level 5 in Shields
   572 | D        | Reached skill level 5 in Invocations
   572 | D        | Reached XP level 5. HP: 48/51 MP: 6/8
   586 | D        | Reached ***** piety under Cheibriados
   587 | D        | Reached skill level 5 in Armour
   587 | D        | Reached XP level 6. HP: 60/60 MP: 8/10
   589 | D        | Noticed a ynoxinul
   593 | D        | Killed a ynoxinul
   594 | D        | Reached skill level 5 in Fighting
   596 | D        | Noticed Grinder
   598 | D        | Reached skill level 5 in Dodging
   598 | D        | Killed Grinder
   599 | D        | Reached skill level 5 in Axes
   599 | D        | Reached XP level 7. HP: 69/69 MP: 0/12
  1068 | D        | Noticed Josephine
  1068 | D        | Noticed a wraith
  1068 | D        | Noticed a wraith
  1068 | D        | Noticed a wraith
  1068 | D        | Noticed an ice devil
  1071 | D        | Killed a wraith
  1071 | D        | Killed an ice devil
  1071 | D        | Killed a wraith
  1071 | D        | Killed a wraith
  1072 | D        | Reached XP level 8. HP: 73/78 MP: 2/14
  1073 | D        | Killed Josephine
  1074 | D        | Reached skill level 10 in Invocations
  1074 | D        | Reached XP level 9. HP: 52/86 MP: 2/16
  1382 | D        | Noticed an orc sorcerer
  1382 | D        | Noticed a boulder beetle
  1384 | D        | Reached ****** piety under Cheibriados
  1389 | D        | Killed an orc sorcerer
  1390 | D        | Killed a boulder beetle
  1632 | D        | Noticed a lindwurm
  1637 | D        | Killed a lindwurm
  1638 | D        | Reached skill level 10 in Shields
  1638 | D        | Reached XP level 10. HP: 72/96 MP: 12/18
  1652 | D        | Noticed a shadow wraith
  1652 | D        | Noticed a demonic crawler
  1654 | D        | Killed a shadow wraith
  1654 | D        | Killed a demonic crawler
  1891 | D        | Noticed an orange demon
  1893 | D        | Killed an orange demon
  2262 | D        | Reached skill level 10 in Armour
  2536 | D        | Noticed a bog body
  2536 | D        | Noticed a great orb of eyes
  2536 | D        | Noticed an orc sorcerer
  2538 | D        | Noticed a smoke demon
  2538 | D        | Killed a bog body
  2538 | D        | Killed an orc sorcerer
  2539 | D        | Reached skill level 10 in Dodging
  2539 | D        | Reached XP level 11. HP: 94/106 MP: 9/20
  2539 | D        | Killed a great orb of eyes
  2566 | D        | Noticed a boulder beetle
  2566 | D        | Noticed a wolf spider
  2567 | D        | Noticed a centaur warrior
  2567 | D        | Noticed a cyclops
  2568 | D        | Noticed an orc knight
  2570 | D        | Killed a wolf spider
  2570 | D        | Killed a centaur warrior
  2571 | D        | Killed a boulder beetle
  2571 | D        | Killed an orc knight
  2572 | D        | Killed a cyclops
  2573 | D        | Reached skill level 10 in Fighting
  2862 | D        | Got the staff of conjuration "Deorosob" {Int+5}
  2943 | D        | Noticed a sea snake
  2946 | D        | Killed a sea snake
  3399 | D        | Noticed a profane servitor
  3403 | D        | Killed a profane servitor
  3404 | D        | Reached skill level 10 in Axes
  3404 | D        | Reached XP level 12. HP: 100/117 MP: 6/22
  4806 | D        | Noticed an orc warlord
  4806 | D        | Noticed an orc warlord
  4807 | D        | Noticed a naga warrior
  4808 | D        | Noticed a vampire knight
  4809 | D        | Noticed a deep elf knight
  4809 | D        | Noticed a naga warrior
  4810 | D        | Noticed a vault guard
  4810 | D        | Noticed a vault guard
  4811 | D        | Noticed an ice dragon
  4812 | D        | Killed an orc warlord
  4812 | D        | Killed an orc warlord
  4812 | D        | Killed a vampire knight
  4812 | D        | Killed a deep elf knight
  4812 | D        | Noticed a naga warrior
  4813 | D        | Reached skill level 15 in Shields
  4813 | D        | Gained mutation: You can use your snake-like lower body to
                  | constrict enemies. [Naga growth]
  4813 | D        | Reached XP level 13. HP: 101/128 MP: 18/23
  4813 | D        | Noticed a yaktaur captain
  4814 | D        | Killed a vault guard
  4815 | D        | Killed a vault guard
  4815 | D        | Killed an ice dragon
  4817 | D        | Noticed a vault guard
  4825 | D        | Killed a yaktaur captain
  4830 | D        | Killed a vault guard
  5362 | D        | Found the +7 mace of Variability {chaos, chaos arc}
  5570 | D        | Found the +2 Maxwell's thermic engine {flame, freeze, rev}
  5570 | D        | Noticed a yellow draconian
  5570 | D        | Noticed an ophan
  5573 | D        | Reached skill level 15 in Armour
  5574 | D        | Reached skill level 15 in Dodging
  5574 | D        | Killed a yellow draconian
  5574 | D        | Killed an ophan
  5963 | D        | Noticed a merfolk impaler
  5966 | D        | Noticed a great orb of eyes
  5968 | D        | Noticed a death cob
  5968 | D        | Noticed an ice dragon
  5974 | D        | Killed a great orb of eyes
  5979 | D        | Reached XP level 14. HP: 133/141 MP: 24/24
  5985 | D        | Identified the +8 flail "Iluylagu" {drain, Fly rN+}
  5994 | D        | Killed a death cob
  5995 | D        | Noticed a vampire knight
  5999 | D        | Killed a vampire knight
  6112 | D        | Got the Incunabulum of the Wumpus
  6117 | D        | Got the Vademecum on Enthralling Sciomancy
  6131 | D        | Learned a level 1 spell: Apportation
  6207 | D        | Noticed an ancient lich
  6215 | D        | Killed an ancient lich
  6374 | D        | Noticed a nagaraja
  6374 | D        | Noticed a deep elf annihilator
  6374 | D        | Noticed a red draconian scorcher
  6374 | D        | Noticed a nagaraja
  6380 | D        | Noticed a purple draconian
  6382 | D        | Killed a deep elf annihilator
  6384 | D        | Killed a nagaraja
  6386 | D        | Killed a purple draconian
  6475 | D        | Noticed a deep elf sorcerer
  6495 | D        | Noticed a lich
  6497 | D        | Killed a deep elf sorcerer
  6502 | D        | Killed a lich
  6667 | D        | Killed a nagaraja
  6680 | D        | Killed a red draconian scorcher
  6698 | D        | Noticed a white draconian stormcaller
  6700 | D        | Noticed a yellow draconian
  6761 | D        | Noticed a deep elf demonologist
  6764 | D        | Killed a deep elf demonologist
  6874 | D        | Killed a yellow draconian
  6875 | D        | Reached XP level 15. HP: 152/152 MP: 4/25
  7267 | D        | Noticed a sphinx
  7269 | D        | Got the Codex of the Cooperative Iceberg
  7275 | D        | Reached skill level 15 in Fighting
  7275 | D        | Reached skill level 5 in Spellcasting
  7275 | D        | Killed a sphinx
  7275 | D        | Killed a white draconian stormcaller
  7277 | D        | Got the Exposition on Mighty Phantasms
  7279 | D        | Got Jiantele's Atlas of Fulmination and the Tektite
  7283 | D        | Got Ges Enas's Handbook of Changing and Austromancy
  7306 | D        | Got the Vellum of Glaciation
  7319 | D        | Reached skill level 15 in Axes
  7360 | D        | Got the amulet of Egomania {Reflect +Inv Fly rN+ Regen+
                  | SH+5}
  7363 | D        | Got the ring "Kiquaxto" {Int+3 Slay+4}
  7366 | D        | Got an amulet "Nenal" {rElec rC+ Regen+ Str+3 Dex-2}
  7369 | D        | Got the ring "Jyisan" {Fire rN++ Dex+3}
  7372 | D        | Got the ring "Cetop Boi" {rElec rCorr Dex-3 Slay+5}
  7375 | D        | Got the ring of Fun {Will+ Str+3 Int+3 Slay+2}
  7378 | D        | Got the ring of Xom's Ringing Laughter {Fire rPois Dex+3}
  7381 | D        | Got the ring "Oppuix" {rF+ Slay+5}
  7384 | D        | Got the amulet of Umouss {Faith Slay+2}
  7387 | D        | Got the amulet "Otytixae" {RegenMP *Slow Will+ Regen+
                  | Dex+6}
  7390 | D        | Got the ring of Wynwigid {Fly rC+++ Will- Int-2 Dex+6}
  7393 | D        | Got the amulet "Kunao" {Reflect Will+ Int+2 SH+5}
  7396 | D        | Got the ring of the Good {rPois Int+3 Dex+5 SInv}
  7452 | D        | Got the ring "Qerpha Zeem" {*Corrode rElec rPois rF++ EV+6
                  | Stlth+}
  7455 | D        | Got the ring "Ucwull" {rC+ rN+ Int+6}
  7458 | D        | Got the ring "Etueheus" {*Slow rC++ Int+6}
  7461 | D        | Got the ring "Tamak" {Will+ Str+3 Int+3 Slay+2 SInv}
  7464 | D        | Got the ring "Pust" {rElec EV+6 Int+4}
  7467 | D        | Got the ring "Waabu" {rElec Str+6}
  7470 | D        | Got the ring of Liphafin {rC+ rN+ Will+ Str+6 Slay-2}
  7473 | D        | Got the ring "Engetoec" {AC+6 Int+3 Dex+4 Stlth+}
  7476 | D        | Got the ring "Beast" {Contam rF+++ rC++ Will+}
  7479 | D        | Got the ring "Bucaom" {Fly MP+9 Str+4 Dex+6 Slay+5}
  7482 | D        | Got the ring of Undoing {rPois rN+ Str+6}
  7485 | D        | Got the ring of the Enemy {*Slow rElec rPois rN+}
  7488 | D        | Got the ring of Diqefrem {rPois Dex+6}
  7536 | D        | Noticed a Hell Sentinel
  7541 | D        | Killed a Hell Sentinel
  7574 | D        | Noticed an Ice Fiend
  7580 | D        | HP: 2/154 [Ice Fiend (44)]
  7588 | D        | Killed an Ice Fiend
  8164 | D        | Noticed Khufu
  8174 | D        | Killed Khufu
  8535 | D        | Noticed a deep elf blademaster
  8544 | D        | Killed a deep elf blademaster
  8546 | D        | Noticed Tassa the pandemonium lord
  8550 | D        | Killed Tassa the pandemonium lord
  8844 | D        | Noticed a white draconian stormcaller
  8844 | D        | Noticed Mara
  8844 | D        | Noticed a Hell Sentinel
  8844 | D        | Noticed an angel
  8844 | D        | Noticed a Hell Sentinel
  8844 | D        | Noticed a black draconian knight
  8847 | D        | Killed an angel
  8848 | D        | Killed a white draconian stormcaller
  8849 | D        | Killed a black draconian knight
  8850 | D        | Killed a Hell Sentinel
  8850 | D        | Killed a Hell Sentinel
  8850 | D        | Killed Mara
  8936 | D        | Reached XP level 16. HP: 166/166 MP: 12/28
  9787 | D        | Noticed Nessos
  9791 | D        | Killed Nessos
  9815 | D        | Noticed Snorg
  9816 | D        | Found the +3 salamander hide armour {Flames, rFlCloud rF++
                  | rC--}
  9821 | D        | Killed Snorg
 10012 | D        | Noticed a sphinx
 10019 | D        | Killed a sphinx
 10235 | D        | Paralysed by an air elemental for 1 turns
 10364 | D        | Noticed a bone dragon
 10364 | D        | Paralysed by an air elemental for 1 turns
 10374 | D        | Killed a bone dragon
 10381 | D        | Noticed an Ice Fiend
 10387 | D        | Noticed a bone dragon
 10388 | D        | Killed an Ice Fiend
 10393 | D        | Reached skill level 10 in Spellcasting
 10398 | D        | Killed a bone dragon
 10912 | D        | Noticed Rupert
 10914 | D        | Identified the +2 mace of Zemioph {drain, rElec Int+4 SInv
                  | Stlth-}
 10924 | D        | Reached XP level 17. HP: 180/180 MP: 24/32
 10925 | D        | Killed Rupert
 11147 | D        | Got a silver rune of Zot
 11160 | D        | Got the Incunabulum of Energetic Metal
 11269 | D        | Noticed a pearl dragon
 11287 | D        | Killed a pearl dragon
 11954 | D        | Noticed a quicksilver dragon
 11954 | D        | Noticed an Ice Fiend
 11955 | D        | Noticed Frederick
 11955 | D        | Noticed a bone dragon
 11955 | D        | Noticed a lich
 11955 | D        | Noticed Louise
 11958 | D        | Killed a quicksilver dragon
 11958 | D        | Killed a lich
 11959 | D        | Killed an Ice Fiend
 11960 | D        | Killed Louise
 11961 | D        | Killed Frederick
 11962 | D        | Killed a bone dragon
 11990 | D        | Noticed a tentacled monstrosity
 11991 | D        | Noticed Dissolution
 11993 | D        | Noticed a hellephant
 11998 | D        | Killed a tentacled monstrosity
 12000 | D        | Killed Dissolution
 12001 | D        | Killed a hellephant
 12120 | D        | Noticed the 27-headed Lernaean hydra
 12121 | D        | Noticed an ancient lich
 12124 | D        | Reached XP level 18. HP: 194/194 MP: 33/36
 12126 | D        | Killed an ancient lich
 12127 | D        | Killed the 27-headed Lernaean hydra
 12129 | D        | Noticed a lich
 12129 | D        | Noticed a Hell Sentinel
 12137 | D        | Killed a lich
 12144 | D        | Killed a Hell Sentinel
 12210 | D        | Got the ring of the Middle {rC+ Str+3 Dex+4}
 12213 | D        | Got the ring of Uskayaw's Approval {rElec Str+3 Int+3 SInv}
 12216 | D        | Got the ring "Hugilli" {rElec rF+ rC+ Int+6}
 12219 | D        | Got the amulet of Ziphy {Reflect rElec rPois rC+ Int+2
                  | SH+5}
 12222 | D        | Got an amulet "Fayhoy" {rC+ Regen+ Slay+5}
 12225 | D        | Got the ring "Zoneter" {*Slow rElec rPois rCorr Dex+2}
 12228 | D        | Got the ring of Pisei {rElec Int+2 SInv}
 12231 | D        | Got the ring "Xock" {Ice MP+9 Str+7}
 12257 | D        | Found the +5 scythe "Finisher" {speed, execute}
 12393 | D        | Noticed a Hell Sentinel
 12399 | D        | Killed a Hell Sentinel
 12706 | D        | Acquired a manual of Translocations
 12727 | D        | Noticed a Hell Sentinel
 12735 | D        | Killed a Hell Sentinel
 12736 | D        | Reached skill level 15 in Spellcasting
 12938 | D        | Found the +8 lance "Wyrmbane" {slay drac, rPois rF+ rC+
                  | AC+3}
 12938 | D        | Found the +8 longbow "Zephyr" {speed, Dex+3 SInv}
 12938 | D        | Noticed a golden dragon
 12938 | D        | Noticed a golden dragon
 12938 | D        | Noticed a quicksilver dragon
 12939 | D        | Noticed a quicksilver dragon
 12939 | D        | Noticed a quicksilver dragon
 12940 | D        | Noticed a quicksilver dragon
 12940 | D        | Killed a quicksilver dragon
 12940 | D        | Killed a quicksilver dragon
 12941 | D        | Killed a quicksilver dragon
 12942 | D        | Killed a quicksilver dragon
 12945 | D        | Noticed a quicksilver dragon
 12947 | D        | Reached skill level 27 in Shields
 12947 | D        | Killed a quicksilver dragon
 12962 | D        | Noticed a golden dragon
 12965 | D        | Killed a golden dragon
 12975 | D        | Killed a golden dragon
 12976 | D        | Reached XP level 19. HP: 181/208 MP: 12/39
 12984 | D        | Noticed a golden dragon
 12989 | D        | Killed a golden dragon
 12989 | D        | Noticed a golden dragon
 12994 | D        | Noticed a golden dragon
 12994 | D        | Noticed a golden dragon
 13000 | D        | Killed a golden dragon
 13008 | D        | Killed a golden dragon
 13011 | D        | Killed a golden dragon
 13025 | D        | Killed a golden dragon
 13060 | D        | Reached skill level 27 in Armour
 13066 | D        | Got the Book of Injurious Burning
 13090 | D        | Got the ring of Otteergh {Drain rC+ rCorr SInv}
 13110 | D        | Got the ring "Coen Yvaelum" {Fly rElec Dex+3}
 13156 | D        | Got a golden rune of Zot
 13162 | D        | Got Codeosou's Compendium of the Rocks and Flesh
 13169 | D        | Got Niecaugg's Collected Works on Xenomorphic Burning
 13309 | D        | Reached skill level 27 in Dodging
 13311 | D        | Noticed Xtahua
 13311 | D        | Noticed a bone dragon
 13317 | D        | Killed Xtahua
 13321 | D        | Killed a bone dragon
 13322 | D        | Reached skill level 5 in Unarmed Combat
 13382 | D        | Noticed Antaeus
 13388 | D        | Noticed a Brimstone Fiend
 13398 | D        | Killed a Brimstone Fiend
 13404 | D        | Noticed Tiuzetag the pandemonium lord
 13411 | D        | Killed from afar by Antaeus

Illustrated notes

Levels and vault maps discovered:
D:        pitsprint [storerooms_1, entrance_room_1, metal_vault_4, armoury_3,
          mini_pit_1, grid_room_1, main_hall_1, silver_pit, the_coven_3,
          the_vestibule_1, steel_vault_3, golden_pit, hallway_of_sentries,
          crystal_vault_2, iron_vault_5, final_vault]

Skill      XL: |  1  2  3  4  5  6  7  8  9 10 11 12 13 14 15 16 17 18 19 |
---------------+----------------------------------------------------------+-----
Shields        | 4 5 7 8 9 10 11 13 15 16 18 20 22 25 27 | 27.0
Axes           | 3 4 5 6 7 8 10 11 13 14 16 18 20 21 23 | 23.8
Armour         | 3 4 5 6 7 8 9 10 12 13 15 17 19 21 23 25 27 | 27.0
Dodging        | 2 3 4 5 7 8 10 11 13 15 17 19 21 23 25 27 | 27.0
Invocations    | 3 5 7 9 10 11 12 14 | 14.0
Fighting       | 4 6 7 8 9 10 11 13 14 16 18 20 22 23 | 23.9
Spellcasting   | 4 8 11 14 16 18 | 18.9
Unarmed Combat | 7 |  7.8

Action                     |  1- 3 |  4- 6 |  7- 9 | 10-12 | 13-15 | 16-18 | 19-21 || total
---------------------------+-------+-------+-------+-------+-------+-------+-------++-------
  Melee: War axe           |    10 |    34 |    15 |    27 |   119 |   167 |   124 ||   496
         Constrict         |       |       |       |       |    30 |    29 |     3 ||    62
 Invoke: Slouch            |       |     2 |     6 |    27 |    48 |    85 |     5 ||   173
    Use: Potion            |     2 |       |       |     1 |    14 |     4 |     3 ||    24
         Scroll            |       |       |       |       |       |     6 |       ||     6
   Stab: Distracted        |       |       |       |       |     1 |       |       ||     1
         Sleeping          |       |       |       |       |     5 |       |       ||     5
 Armour: Scale mail        |     4 |     3 |       |       |       |       |       ||     7
         Plate armour      |       |    31 |       |       |       |       |       ||    31
         Chain mail        |       |       |    11 |    35 |     5 |       |       ||    51
         Shadow dragon sca |       |       |       |       |    29 |    18 |       ||    47
         Storm dragon scal |       |       |       |       |       |    56 |       ||    56
         Gold dragon scale |       |       |       |       |       |    33 |   102 ||   135
  Dodge: Dodged            |     9 |    19 |    18 |    82 |    72 |   204 |   151 ||   555
  Block: Buckler           |     4 |     8 |    11 |    49 |     6 |       |       ||    78
         Tower shield      |       |       |       |       |   167 |   333 |   239 ||   739
         Reflection        |       |       |       |       |     1 |     3 |     4 ||     8
